 Dungeon Crawl Stone Soup version coffee-0.2.0 (webtiles) character file.

Game seed: 11921638972365516641, levelgen mode: deterministic

11562 Dorkslayer the Carver (level 12, -2/89 HPs)
             Began as a Human Fighter on Sept 19, 2020.
             Was a High Priest of Okawaru.
             Killed from afar by a purple draconian (8 damage)
             ... with a bolt of dispelling energy
             ... on level 10 of the Dungeon.
             The game lasted 00:31:27 (6985 turns).

Dorkslayer the Carver (Human Fighter)               Turns: 6985, Time: 00:31:29

Health: -2/89      AC: 31    Str: 20    XL:     12   Next: 9%
Magic:  0/17       EV:  9    Int: 12    God:    Okawaru [*****.]
Gold:   845        SH: 15    Dex: 13    Spells: 11/11 levels left

rFire    . . .     SeeInvis .   m - +1 demon blade (flame)
rCold    . . .     Gourm    .   c - +0 kite shield
rNeg     + . .     Faith    .   h - +3 plate armour {rPois}
rPois    +         Spirit   +   O - +2 hat of the Bear Spirit {Spirit, +Rage rN+ MR++}
rElec    .         Reflect  +   H - +2 cloak {MR+}
rCorr    .         Harm     .   x - +0 pair of gloves
MR       +++..                  K - +2 pair of boots {Fly}
Stlth    ..........             G - +4 amulet of reflection
HPRegen  0.24/turn              F - +4 ring of protection
MPRegen  0.15/turn              g - +1 ring of slaying

@: flying, hasted (expiring), studying Dodging, very quick
A: clever 1, high mp 1, subdued magic 1
a: Heroism, Finesse, Renounce Religion, Evoke Berserk Rage, Stop Flying


You were on level 10 of the Dungeon.
You worshipped Okawaru.
Okawaru was extremely pleased with you.
You were not hungry.

You visited 2 branches of the dungeon, and saw 11 of its levels.

You collected 1392 gold pieces.
You spent 547 gold pieces at shops.

Inventory:

Hand Weapons
 m - a +1 demon blade of flaming (weapon)
 q - a +1 dagger of flaming
Missiles
 e - 24 poisoned darts
 r - 13 boomerangs (quivered)
Armour
 c - a +0 kite shield (worn)
 h - a +3 plate armour of poison resistance (worn)
 t - the +2 chain mail of Liberty {rF+ rC+ rN+ Slay+2}
   (You found it on level 3 of the Dungeon)

   It affects your accuracy and damage with ranged weapons and melee attacks
   (+2).
   It protects you from fire.
   It protects you from cold.
   It protects you from negative energy.
 x - a +0 pair of gloves (worn)
 H - a +2 cloak of magic resistance (worn)
 K - a +2 pair of boots of flying (worn)
 O - the +2 hat of the Bear Spirit (worn) {Spirit, +Rage rN+ MR++}
   (You bought it in a shop on level 9 of the Dungeon)

   It protects you from negative energy.
   It affects your resistance to hostile enchantments.
   It lets you go berserk.
Jewellery
 g - a +1 ring of slaying (right hand)
 F - a +4 ring of protection (left hand)
 G - a +4 amulet of reflection (around neck)
Wands
 s - a wand of random effects (2)
 D - a wand of polymorph (9)
 N - a wand of enslavement (4)
Scrolls
 b - a scroll of magic mapping
 i - a scroll of blinking
 k - 7 scrolls of remove curse
 l - 9 scrolls of teleportation
 o - 2 scrolls of amnesia
 v - 3 scrolls of immolation
 y - a scroll of summoning
 J - a scroll of fear
Potions
 d - a potion of invisibility
 j - 3 potions of brilliance
 n - a potion of resistance
 p - a potion of stabbing
 u - a potion of mutation
 w - 3 potions of magic
 B - a potion of flight
 C - 3 potions of curing
 I - 2 potions of berserk rage
 M - a potion of might
Books
 A - a manual of Dodging
Comestibles
 f - 23 rations


   Skills:
 + Level 6.4(9.6) Fighting
 * Level 12.9 Long Blades
 + Level 1.3 Throwing
 + Level 5.3(9.2) Armour
 * Level 7.2(9.9) Dodging
 + Level 0.4(8.9) Stealth
 + Level 6.0(9.4) Shields
 * Level 5.6(6.8) Invocations
 * Level 5.1(6.2) Evocations


You had 11 spell levels left.
You didn't know any spells.
Your spell library contained the following spells:

 Spells                   Type           Power        Failure   Level  Hunger
 Animate Skeleton         Necr           N/A          99%         1    None
 Apportation              Tloc           #.....       99%         1    None
 Corona                   Hex            #......      99%         1    None
 Magic Dart               Conj           #...         99%         1    None
 Pain                     Necr           #...         99%         1    None
 Shock                    Conj/Air       #...         99%         1    None
 Summon Small Mammal      Summ           #...         99%         1    None
 Blink                    Tloc           N/A          100%        2    #......
 Call Imp                 Summ           #.......     100%        2    #......
 Slow                     Hex            #.......     100%        2    #......
 Swiftness                Chrm/Air       #.......     100%        2    #......
 Conjure Flame            Conj/Fire      #.......     100%        3    ###....
 Dazzling Flash           Conj/Hex       #.....       100%        3    ###....
 Mephitic Cloud           Conj/Pois/Air  #.......     100%        3    ###....
 Static Discharge         Conj/Air       #.......     100%        3    ###....
 Tukima's Dance           Hex            #.......     100%        3    ###....
 Vampiric Draining        Necr           #.........   100%        3    ###....
 Airstrike                Air            #.........   100%        4    ####...
 Animate Dead             Necr           N/A          100%        4    ####...
 Agony                    Necr           #.......     100%        5    ######.
 Bolt of Magma            Conj/Fire/Erth #.........   100%        5    ######.
 Iskenderun's Battlesphe  Conj/Chrm      #.......     100%        5    ######.
 Lightning Bolt           Conj/Air       #.........   100%        5    ######.
 Summon Mana Viper        Hex/Summ       #.......     100%        5    ######.
 Iron Shot                Conj/Erth      #.........   100%        6    #######
 Orb of Destruction       Conj           #.........   100%        7    #######
 Spellforged Servitor     Conj/Summ      #.........   100%        7    #######


Dungeon Overview and Level Annotations

Branches:
Dungeon (10/10)            Temple (1/1) D:2
    Zot: D:10

Altars:
Cheibriados
Dithmenos
Elyvilon
Fedhas
Gozag
Hepliaklqana
Makhleb
Nemelex Xobeh
Okawaru
Qazlal
Sif Muna
Trog
Vehumet
Wu Jian
Xom
Yredelemnul
The Shining One

Shops:
D:9 [%*


Innate Abilities, Weirdness & Mutations

Your mind is acute. (Int +2)
You have an increased reservoir of magic. (+10% MP)
Your spells are a little easier to cast, but a little less powerful.


Message History

A vampire comes into view.
The purple draconian breathes dispelling energy at you.
The bolt of dispelling energy hits you!
A yellow draconian, a white draconian and a draconian annihilator come into view.
The white draconian roars!
The green draconian annihilator roars!
You hear a roar!
The black draconian breathes lightning at you.
The bolt of lightning hits you! The bolt of lightning hits you!!
The purple draconian breathes dispelling energy at you.
The bolt of dispelling energy hits you!!
* * * LOW HITPOINT WARNING * * *
The eye of draining gazes at you.
You feel your power leaking away.
You feel yourself speed up.
The green draconian annihilator mumbles some strange words.
The green draconian annihilator blinks!
The purple draconian breathes dispelling energy at you.
The bolt of dispelling energy hits you!
Your magical effects are unravelling.
You die...

*,,*,,,,,,,*,,,,,,,,#............
*,,*,,,,,,,*,,,,,,..#....########
*,,,,,,,,,,*,,,,,................
*,,,,,,,,.,*,,,,,................
*,,,,,*,,..#****,...######.......
,,,,,,*,,....,,,,...,,,,,#....†..
,,,,,,*,,.....,,,..,,,,,,#.......
,,,,,,*,,......######,,,,#.......
,,,,,,*,,..d..O.@...######.......
*,,,,,***................#.......
,,,,,,,,,.......#####....#.......
,,,,,,,,,...Vdd.....#....#.......
*,,,,,,,,.⌠d........#....#.......
,,,,,,,,,...........#....#.......
,,**,,,,,...G..§,##......#.......
,,***,,,,....d..##.......#.......
,,*,**,,,,,,,,,*#........#.......


You could see a two-headed ogre, an eye of draining, a vampire, a black
draconian, 2 draconians, a purple draconian and a white draconian.

Vanquished Creatures
  2 two-headed ogres
  A deep troll earth mage (D:9)
  The ghost of Qoitotus the Shield-Bearer, a novice NaFi of Sif Muna (D:6)
  The ghost of popedarpa the Covert, a novice NaEn of Nemelex Xobeh (D:9)
  Pikel (D:5)
  An ugly thing (D:7)
  A cyclops (D:8)
  A troll (D:6)
  Grinder (D:5)
  4 hippogriffs (D:9)
  A vampire (D:10)
  A wyvern (D:9)
  A steam dragon (D:9)
  3 hungry ghosts
  Grum (D:8)
  Edmund (D:6)
  3 sky beasts
  5 orc warriors
  A slave (D:5)
  A phantom (D:4)
  6 ogres
  3 ice beasts
  A black bear (D:10)
  3 wolves (D:8)
  2 centaurs
  Blork the orc (D:5)
  7 bullfrogs
  2 water moccasin zombies (D:9)
  6 scorpions
  5 wights (D:7)
  A jelly (D:9)
  2 bullfrog zombies
  A centaur zombie (D:8)
  A gnoll shaman (D:4)
  2 orc priests
  Crazy Yiuf (D:6)
  6 orc wizards
  7 hounds
  3 bullfrog skeletons
  12 centaur skeletons
  3 iguanas
  6 worker ants
  A hound skeleton (D:4)
  A howler monkey zombie (D:6)
  Robin (D:3)
  6 gnolls
  2 howler monkey skeletons (D:5)
  10 adders
  A shadow imp (D:9)
  An ooze (D:2)
  5 worms
  4 dart slugs
  4 leopard geckos
  30 orcs
  5 giant cockroaches
  21 goblins
  9 hobgoblins
  13 jackals
  2 quokkas (D:4)
  5 bats
  7 frilled lizards
  10 kobolds
  7 rats
258 creatures vanquished.

Vanquished Creatures (collateral kills)
  An efreet (D:9)
  An orc warrior (D:9)
  A black bear (D:9)
  A scorpion (D:9)
  A centaur zombie (D:9)
5 creatures vanquished.

Vanquished Creatures (others)
  An ice beast (D:9)
  A worker ant (D:5)
2 creatures vanquished.

Grand Total: 265 creatures vanquished

Notes
Turn   | Place    | Note
-------+----------+-------------------------------------------
     0 | D:1      | Dorkslayer the Human Fighter began the quest for the Orb.
     0 | D:1      | Reached XP level 1. HP: 18/18 MP: 1/1
    94 | D:1      | Reached XP level 2. HP: 24/24 MP: 2/2
   265 | D:1      | Reached XP level 3. HP: 29/29 MP: 3/3
   721 | D:2      | Reached XP level 4. HP: 35/35 MP: 4/4
   826 | D:2      | Reached skill level 3 in Long Blades
  1153 | D:2      | Found a shimmering blue altar of Sif Muna.
  1211 | D:2      | Reached XP level 5. HP: 38/41 MP: 5/5
  1328 | D:2      | Found a staircase to the Ecumenical Temple.
  1337 | Temple   | Entered the Ecumenical Temple
  1358 | Temple   | Became a worshipper of Warmaster Okawaru
  1544 | D:3      | Reached skill level 4 in Long Blades
  1760 | D:3      | Got the +2 chain mail of Liberty {rF+ rC+ rN+ Slay+2}
  1799 | D:3      | Noticed Robin
  1821 | D:3      | Killed Robin
  1995 | D:3      | Reached XP level 6. HP: 41/47 MP: 6/6
  2106 | D:3      | Gained mutation: Your mind is acute. (Int +2) [potion of
                  | mutation]
  2106 | D:3      | Gained mutation: You expend magic power (3 MP) to
                  | strengthen your wands. [potion of mutation]
  2348 | D:4      | Reached skill level 5 in Long Blades
  2355 | D:4      | Noticed an ogre
  2365 | D:4      | Noticed an ogre
  2379 | D:4      | Killed an ogre
  2379 | D:4      | Reached * piety under Okawaru
  2379 | D:4      | Reached XP level 7. HP: 40/52 MP: 7/7
  2408 | D:4      | Reached skill level 6 in Long Blades
  2550 | D:4      | Found a basalt altar of Yredelemnul.
  2599 | D:4      | Reached skill level 1 in Evocations
  2615 | D:4      | Reached XP level 8. HP: 39/60 MP: 5/8
  2618 | D:4      | Reached ** piety under Okawaru
  2661 | D:4      | Reached skill level 7 in Long Blades
  2882 | D:4      | Reached skill level 1 in Invocations
  3050 | D:5      | Entered Level 5 of the Dungeon
  3053 | D:5      | Noticed Grinder
  3074 | D:5      | Killed Grinder
  3123 | D:5      | Identified the amulet "Othoam" {Harm *Drain Slay+3} (You
                  | acquired it on level 5 of the Dungeon)
  3128 | D:5      | Reached skill level 8 in Long Blades
  3128 | D:5      | Reached skill level 1 in Dodging
  3180 | D:5      | Reached XP level 9. HP: 48/65 MP: 10/10
  3183 | D:5      | Reached *** piety under Okawaru
  3339 | D:5      | Noticed Pikel
  3356 | D:5      | Killed Pikel
  3481 | D:5      | Noticed Blork the orc
  3494 | D:5      | Killed Blork the orc
  3494 | D:5      | Reached skill level 9 in Long Blades
  3667 | D:6      | Found a stormy altar of Qazlal.
  3680 | D:6      | Noticed Edmund
  3690 | D:6      | Killed Edmund
  3697 | D:6      | Found a blossoming altar of Fedhas.
  3734 | D:6      | Lost mutation: You expend magic power (3 MP) to strengthen
                  | your wands. [potion of mutation]
  3734 | D:6      | Lost mutation: Your mind is acute. (Int +2) [potion of
                  | mutation]
  3734 | D:6      | Gained mutation: Your mind is acute. (Int +2) [potion of
                  | mutation]
  3734 | D:6      | Gained mutation: Your spells are a little easier to cast,
                  | but a little less powerful. [potion of mutation]
  3734 | D:6      | Gained mutation: You have an increased reservoir of magic.
                  | (+10% MP) [potion of mutation]
  3756 | D:6      | Found a glowing golden altar of the Shining One.
  4004 | D:6      | Found an ornate altar of the Wu Jian Council.
  4057 | D:6      | Found a runed translucent door.
  4058 | D:6      | Noticed Crazy Yiuf
  4064 | D:6      | Killed Crazy Yiuf
  4064 | D:6      | Reached skill level 5 in Fighting
  4102 | D:6      | Found a runed translucent door.
  4102 | D:6      | Noticed Qoitotus's ghost (novice NaFi)
  4102 | D:6      | Noticed a troll
  4115 | D:6      | Killed Qoitotus's ghost
  4115 | D:6      | Reached **** piety under Okawaru
  4115 | D:6      | Reached skill level 10 in Long Blades
  4115 | D:6      | Reached XP level 10. HP: 70/74 MP: 12/14
  4119 | D:6      | Reached skill level 5 in Dodging
  4325 | D:7      | Reached skill level 5 in Shields
  4659 | D:7      | Noticed a green ugly thing
  4666 | D:7      | Killed a green ugly thing
  4666 | D:7      | Reached ***** piety under Okawaru
  4752 | D:7      | Reached skill level 11 in Long Blades
  4900 | D:8      | Received a gift from Okawaru
  4929 | D:8      | Noticed a cyclops
  4937 | D:8      | Killed a cyclops
  5129 | D:8      | Found a radiant altar of Vehumet.
  5187 | D:8      | Noticed a two-headed ogre
  5188 | D:8      | Reached XP level 11. HP: 81/81 MP: 15/15
  5201 | D:8      | Killed a two-headed ogre
  5201 | D:8      | Reached skill level 1 in Throwing
  5274 | D:8      | Reached skill level 5 in Armour
  5323 | D:8      | Found an opulent altar of Gozag.
  5553 | D:8      | Noticed Grum
  5565 | D:8      | Killed Grum
  5565 | D:8      | Reached skill level 12 in Long Blades
  5565 | D:8      | Reached skill level 5 in Invocations
  5749 | D:9      | Found a white marble altar of Elyvilon.
  5836 | D:9      | Noticed a two-headed ogre
  5845 | D:9      | Found Ykhlor's Armour Shoppe.
  5855 | D:9      | Bought the +2 hat of the Bear Spirit {Spirit, +Rage rN+
                  | MR++} for 547 gold pieces
  5855 | D:9      | Found the +2 hat of the Bear Spirit {Spirit, +Rage rN+
                  | MR++}
  5865 | D:9      | Killed a two-headed ogre
  5895 | D:9      | Found Vupelus's Food Shop.
  5904 | D:9      | Found Xuvvyhou's Assorted Antiques.
  6127 | D:9      | Found a shadowy altar of Dithmenos.
  6303 | D:9      | Found a runed translucent gate.
  6303 | D:9      | Noticed popedarpa's ghost (novice NaEn)
  6304 | D:9      | Found a runed translucent gate.
  6304 | D:9      | Found a runed translucent gate.
  6304 | D:9      | Noticed a deep troll earth mage
  6331 | D:9      | Killed a deep troll earth mage
  6331 | D:9      | Reached skill level 5 in Evocations
  6351 | D:9      | Killed popedarpa's ghost
  6351 | D:9      | Reached XP level 12. HP: 69/89 MP: 8/17
  6356 | D:9      | Received a gift from Okawaru
  6378 | D:9      | Identified the ring "Wofent" {rElec rF+ rC- Int+4 Stlth+}
                  | (You acquired it on level 9 of the Dungeon)
  6656 | D:10     | Entered Level 10 of the Dungeon
  6735 | D:10     | Got the Collected Works on Execration
  6740 | D:10     | Found a shimmering altar of Xom.
  6742 | D:10     | Found a shimmering altar of Xom.
  6742 | D:10     | Found a shimmering altar of Xom.
  6982 | D:10     | Noticed a two-headed ogre
  6985 | D:10     | Killed from afar by a purple draconian

Levels and vault maps discovered:
D:1:      dpeg_arrival_rooms_with_view, layout_basic, roderic_serpentine_path
D:2:      layout_basic, nicolae_overflow_crystal_walls, temple_hall
D:3:      kennysheep_goblin_castle, layout_basic
D:4:      minmay_spotlight, layout_cave_pools, marbit_many_paths, first_ration,
          serial_column_ruins, column_ruins_hut, column_ruins_open_medium,
          column_ruins_columns_dead_end, column_ruins_columns_T,
          minmay_checkerbox
D:5:      layout_cave_pools, uniq_grinder, uniq_pikel, uniq_blork_the_orc
D:6:      layout_rooms, fedhas_altar_fruit_tree, tso_metal_star,
          lemuel_coloured_pillars_altar, ebering_ghost_inner_flame, basic_altar,
          uniq_edmund, uniq_crazy_yiuf_cottage
D:7:      cheibrodos_barr_body, layout_loops_ring
D:8:      layout_rooms, old_standard_altar, kennysheep_mini_moat, uniq_grum
D:9:      layout_roguey, elyvilon_altar_4, nicolae_dithmenos_shadow_blocks,
          gammafunk_ghost_split, serial_shops, shop, nicolae_shop_statue_plus,
          shop, grunt_pizzeria, patterned_corridor
D:10:     grunt_zot_entry_alcove, layout_grid_maze, xom_shifter_show
Temple:   dshaligram_water_room_temple

Skill      XL: |  1  2  3  4  5  6  7  8  9 10 11 12 |
---------------+-------------------------------------+-----
Long Blades    | 3 4 5 6 8 10 11 12 | 12.9
Shields        | 4 5 6 |  6.0
Evocations     | 1 2 3 4 5 |  5.1
Fighting       | 4 5 6 |  6.4
Invocations    | 1 3 4 5 |  5.6
Armour         | 4 5 |  5.3
Dodging        | 1 4 5 7 |  7.2
Throwing       | 1 |  1.3
Stealth        | |  0.4

Action                   |  1- 3 |  4- 6 |  7- 9 | 10-12 || total
-------------------------+-------+-------+-------+-------++-------
Melee: Long sword        |    41 |       |       |       ||    41
       Demon blade       |    45 |   230 |   256 |   393 ||   924
Throw: Dart              |       |     3 |       |       ||     3
       Boomerang         |       |     1 |    15 |    14 ||    30
Invok: Heroism           |       |       |     2 |     1 ||     3
       Finesse           |       |       |       |     1 ||     1
Evoke: Wand              |       |     7 |     8 |     1 ||    16
       Box of beasts     |       |       |       |     1 ||     1
  Use: Potion            |       |     3 |     3 |     1 ||     7
       Scroll            |       |     1 |     2 |     6 ||     9
 Stab: Confused          |       |       |     1 |       ||     1
  Eat: Chunk             |       |     5 |     6 |    12 ||    23
       Ration            |       |       |       |     2 ||     2
Armor: Chain mail        |    33 |   136 |     2 |       ||   171
       Plate armour      |       |       |   112 |   147 ||   259
Dodge: Dodged            |    19 |    96 |    51 |    57 ||   223
Block: Kite shield       |    40 |   152 |   111 |   166 ||   469
       Reflection        |       |       |       |     2 ||     2
       Rpst.: Long sword |     2 |       |       |       ||     2
       Demon blade       |     4 |    26 |    19 |    18 ||    67
